 Dungeon Crawl Stone Soup version 0.22-a0-782-g038298e (webtiles) character file.

193 Hebeh the Conjurer (level 5, 0/28 HPs)
             Began as a Deep Elf Conjurer on July 19, 2018.
             Slain by Blork the orc
             ... wielding a +0 flail
              (4 damage)
             ... on level 4 of the Dungeon.
             The game lasted 00:09:38 (3386 turns).

Hebeh the Conjurer (Deep Elf Conjurer)              Turns: 3386, Time: 00:09:39

Health: 0/28       AC:  4    Str:  5    XL:     5   Next: 43%
Magic:  10/14      EV: 13    Int: 21    God:
Gold:   170        SH:  0    Dex: 15    Spells: 3/14 levels left

rFire    . . .     SeeInvis .   i - +1 dagger (venom)
rCold    . . .     Gourm    .   (no shield)
rNeg     . . .     Faith    .   a - +0 robe
rPois    .         Spirit   .   (no helmet)
rElec    .         Reflect  .   t - +0 cloak
rCorr    .         Harm     .   q - +0 pair of gloves
MR       .....                  (no boots)
Stlth    ++........             (no amulet)
HPRegen  0.09/turn              (no ring)
MPRegen  0.14/turn              (no ring)

@: no status effects
A: no striking features
a: no special abilities


You were on level 4 of the Dungeon.
You were not hungry.

You visited 1 branch of the dungeon, and saw 4 of its levels.

You collected 170 gold pieces.

Inventory:

Hand Weapons
 i - a +1 dagger of venom (weapon)
 y - a +0 mace of protection
Missiles
 b - 38 sling bullets
 p - 87 arrows
 z - 3 tomahawks (quivered)
 D - 50 stones
Armour
 a - a +0 robe (worn)
 q - a +0 pair of gloves (worn)
 t - a +0 cloak (worn)
Jewellery
 v - an uncursed ring of protection from magic {unknown}
 x - a cursed ring of flight {unknown}
Scrolls
 d - a scroll of immolation {unknown}
 e - 2 scrolls of teleportation {unknown}
 f - 11 scrolls of identify {unknown}
 g - a scroll of random uselessness {unknown}
 h - 2 scrolls of enchant weapon {unknown}
 l - 2 scrolls of amnesia {unknown}
 o - 3 scrolls of remove curse {unknown}
 s - a scroll of blinking {unknown}
 w - a scroll of magic mapping {unknown}
 A - 2 scrolls of fog {unknown}
Potions
 j - 2 potions of curing {unknown}
 k - a potion of agility {unknown}
 m - a potion of haste
 n - a potion of mutation {unknown}
 r - a potion of might {unknown}
 u - a potion of lignification {unknown}
 B - a potion of brilliance {unknown}
Comestibles
 c - 8 rations
 C - 5 chunks of flesh


   Skills:
 - Level 2.4 Dodging
 - Level 2.4 Stealth
 + Level 5.0 Spellcasting
 * Level 6.6 Conjurations


You had 3 spell levels left.
You knew the following spells:

 Your Spells              Type           Power        Failure   Level  Hunger
a - Magic Dart            Conj           ####         1%          1    None
b - Iskenderun's Mystic   Conj           ####....     7%          4    ####...
c - Searing Ray           Conj           ####..       1%          2    None
d - Force Lance           Conj/Tloc      ###.....     28%         4    ####...

Your spell library contained the following spells:

 Spells                   Type           Power        Failure   Level  Hunger
 Fulminant Prism          Conj/Hex       ###.......   28%         4    ####...
 Dazzling Spray           Conj/Hex       ###...       9%          3    ##.....


Dungeon Overview and Level Annotations

Branches:
Dungeon (4/15)
 Temple: D:4-7

Altars:
Hepliaklqana
Makhleb
Yredelemnul

Annotations:
D:4 Blork the orc


Message History

Aim: a phantom The searing ray hits the phantom.
The phantom is lightly damaged. (Press . to maintain the ray.)
The searing ray hits the phantom.
The phantom is lightly damaged.
The phantom blinks!
The searing ray hits something.
You hear some strange, mumbled words.
A puff of flame appears from out of thin air!
The puff of flame hits you!
You finish channeling your searing ray.
Something hits you.
You hear some strange, mumbled words.
A magic dart appears from out of thin air!
The magic dart hits you!
The phantom blinks!
Something hits you but does no damage.
You start resting.
Something hits you!
* * * LOW HITPOINT WARNING * * *
Something hits you.
You die...

#........#.....#
#........#.[...#
#........#.....+
#........#.....#
....########..######
# #.....#..###..##
#.....#....#...#
#....W#....'...#
#.....#..@.#...#
#.....#....#...#
#.....#....#...+
#.....'....#...#
#.....#....#...#
#.....##########
######


There were no monsters in sight!

Vanquished Creatures
  Crazy Yiuf (D:2)
  A hound (D:2)
  7 adders
  An ooze (D:3)
  A dart slug (D:3)
  4 leopard geckos
  10 bats
  2 giant cockroaches (D:2)
  8 goblins
  9 hobgoblins
  2 jackals (D:1)
  A quokka (D:4)
  2 ball pythons
  2 frilled lizards (D:2)
  A jackal skeleton (D:4)
  7 kobolds
  A quokka skeleton (D:4)
  6 rats
66 creatures vanquished.

Notes
Turn   | Place    | Note
-------+----------+-------------------------------------------
     0 | D:1      | Hebeh the Deep Elf Conjurer began the quest for the Orb.
     0 | D:1      | Reached XP level 1. HP: 10/10 MP: 6/6
    55 | D:1      | Reached XP level 2. HP: 15/15 MP: 0/8
   339 | D:1      | Reached skill level 5 in Conjurations
   876 | D:2      | Reached XP level 3. HP: 19/19 MP: 7/10
   975 | D:2      | Learned a level 2 spell: Searing Ray
  1002 | D:2      | Found a burning altar of Makhleb.
  1006 | D:2      | Reached XP level 4. HP: 24/24 MP: 8/12
  1181 | D:2      | Found a hazy altar of Hepliaklqana.
  1548 | D:2      | Found a basalt altar of Yredelemnul.
  1881 | D:2      | Found a runed door.
  1890 | D:2      | Learned a level 4 spell: Iskenderun's Mystic Blast
  1895 | D:2      | Learned a level 4 spell: Force Lance
  1895 | D:2      | Noticed Crazy Yiuf
  1899 | D:2      | Killed Crazy Yiuf
  1899 | D:2      | Reached skill level 6 in Conjurations
  2201 | D:3      | Reached XP level 5. HP: 28/28 MP: 11/14
  3205 | D:4      | Reached skill level 5 in Spellcasting
  3374 | D:4      | Noticed Blork the orc
  3374 | D:4      | Noticed a phantom
  3386 | D:4      | Slain by Blork the orc

Vault maps used:
D:1:      erik_arrival_blinker_ship, due_unseen_surprise
D:2:      makhleb_heckhound_becter, lemuel_round_altar,
          nicolae_overflow_hidden_temple, lemuel_round_altar,
          uniq_crazy_yiuf_cottage
D:4:      grunt_dithmenos_smoke_and_mirrors, first_ration, uniq_blork_the_orc

Skill      XL: |  1  2  3  4  5 |
---------------+----------------+-----
Conjurations   | 5 6 |  6.6
Spellcasting   | 4 5 |  5.0
Dodging        | |  2.4
Stealth        | |  2.4

Action                   |  1- 3 |  4- 6 || total
-------------------------+-------+-------++-------
 Cast: Magic Dart        |    56 |    62 ||   118
       Searing Ray       |       |     7 ||     7
  Eat: Chunk             |       |     7 ||     7
Armor: Robe              |     2 |     2 ||     4
Dodge: Dodged            |     4 |     7 ||    11

Table legend:
 A = Spawn XP
 B = Non-spawn XP
 C = Spawn XP percentage of total XP
 D = Spawn monster count
 E = Non-spawn monster count
 F = Spawn count percentage of total count
 G = Total turns spent on level
                    A         B        C        D         E        F      G
               +---------+---------+-------+---------+---------+-------+---------
         Total |       0 |     276 |   0.0 |       0 |      66 |   0.0 |  3386
               +---------+---------+-------+---------+---------+-------+---------
           D:1 |       0 |      39 |   0.0 |       0 |      25 |   0.0 |   874
           D:2 |       0 |     134 |   0.0 |       0 |      20 |   0.0 |  1120
           D:3 |       0 |      70 |   0.0 |       0 |      15 |   0.0 |  1048
           D:4 |       0 |      33 |   0.0 |       0 |       6 |   0.0 |   344
               +---------+---------+-------+---------+---------+-------+---------
